 Dungeon Crawl Stone Soup version 0.30-a0-137-gd8773701ce (webtiles) character file.

Game seed: 4010696809288958805

525 Iusername the Slasher (level 7, -6/61 HPs)
             Began as a Minotaur Fighter on Sept 22, 2022.
             Mangled by an orc priest
             ... wielding a +0 hand axe
              (7 damage)
             ... on level 3 of the Dungeon.
             The game lasted 00:03:27 (2570 turns).

Iusername the Slasher (Minotaur Fighter)            Turns: 2570, Time: 00:03:27

Health: -6/61      AC:  8    Str: 18 (21) XL:     7   Next: 2%
Magic:  6/6        EV:  9    Int:  3 (5)  God:
Gold:   98         SH:  4    Dex: 10 (11) Spells: 6/6 levels left

rFire   . . .      SeeInvis .    a - +0 long sword
rCold   . . .      Faith    .    c - +0 buckler
rNeg    . . .      Spirit   .    b - +0 scale mail
rPois   .          Reflect  .    (helmet restricted)
rElec   .          Harm     .    (no cloak)
rCorr   .          Rampage  .    (no gloves)
Will    .....                    m - +0 pair of boots
Stlth   ..........               (no amulet)
HPRegen 0.20/turn                (no ring)
MPRegen 0.10/turn                (no ring)

@: no status effects
A: horns 2, retaliatory headbutt
a: no special abilities


You were on level 3 of the Dungeon.
You visited 1 branch of the dungeon, and saw 3 of its levels.

You collected 98 gold pieces.

Inventory:

Hand Weapons
 a - a +0 long sword (weapon)
Missiles
 g - a throwing net (quivered)
Armour
 b - a +0 scale mail (worn)
 c - a +0 buckler (worn)
 m - a +0 pair of boots (worn)
Scrolls
 e - 2 scrolls of enchant weapon {unknown}
 f - 2 scrolls of immolation {unknown}
 h - 3 scrolls of identify {unknown}
 i - a scroll of noise {unknown}
 k - a scroll of vulnerability {unknown}
Potions
 d - a potion of heal wounds {unknown}


   Skills:
 + Level 5.3 Fighting
 + Level 6.2 Long Blades
 + Level 5.5 Armour
 + Level 1.4 Dodging
 + Level 0.8 Stealth
 + Level 4.4 Shields


You had 6 spell levels left.
You didn't know any spells.
Your spell library contained the following spells:

 Spells                   Type           Power      Damage    Failure   Level
 Sting                    Tmut/Pois      0%         1d3       93%         1
 Poisonous Vapours        Pois/Air       0%         N/A       98%         2
 Olgreb's Toxic Radiance  Pois           0%         N/A       100%        4


Dungeon Overview and Level Annotations

Branches:
Dungeon (3/15)

Altars:


Innate Abilities, Weirdness & Mutations

You have a pair of horns on your head.
You reflexively headbutt those who attack you in melee.


Message History

The orc priest closely misses you. The orc barely misses you.
The orc priest calls upon Beogh to heal the orc priest.
The orc priest is healed somewhat.
You closely miss the orc.
The orc priest calls down the wrath of Beogh upon you.
Beogh smites you!
* * * LOW HITPOINT WARNING * * *
The orc barely misses you.
You hit the orc.
You kill the orc!
The orc priest hits you but does no damage.
The orc priest invokes the aid of Beogh against you.
You struggle to resist.
The orc priest hits you with a +0 hand axe.
* * * LOW HITPOINT WARNING * * *
The orc priest hits you but does no damage.
Items here: $ ( )) [.
You closely miss the orc priest.
The orc priest is heavily wounded.
You block the orc priest's attack.
The orc priest hits you but does no damage.
You hit the orc priest.
The orc priest is almost dead.
The orc priest hits you with a +0 whip.
* * * LOW HITPOINT WARNING * * *
The orc priest calls down the wrath of Beogh upon you.
Beogh smites you!
* * * LOW HITPOINT WARNING * * *
The endoplasm completely misses you.
It was a potion of degeneration.
There was something very wrong with that liquid.
You feel weakened.
You feel dopey.
You feel clumsy. The endoplasm hits you.
* * * LOW HITPOINT WARNING * * *
The orc priest looks satisfied for a moment.
The orc priest closely misses you.
You barely miss the orc priest.
The orc priest is almost dead.
The orc priest hits you with a +0 hand axe!
You die...

######......#
#......#
#......#
#......###
###......#
#......#
#......#
#......#
#@o....#
#.....J.o....#
#............#
#............#
#.........####
#.........#
..........#
..........#


You could see 2 orc priests and an endoplasm.

Vanquished Creatures
  Grinder (D:3)
  Sigmund (D:2)
  Natasha (thrice) (D:2)
  An orc wizard (D:3)
  A worm (D:2)
  3 dart slugs
  5 orcs (D:3)
  7 bats
  5 endoplasms
  3 giant cockroaches
  8 goblins
  4 hobgoblins
  8 kobolds
  A quokka (D:2)
  2 frilled lizards
  3 rats
56 creatures vanquished.

Notes
Turn   | Place    | Note
-------+----------+-------------------------------------------
     0 | D:1      | Iusername the Minotaur Fighter began the quest for the Orb.
     0 | D:1      | Reached XP level 1. HP: 19/19 MP: 0/0
   152 | D:1      | Reached XP level 2. HP: 27/27 MP: 1/1
   317 | D:1      | Reached XP level 3. HP: 27/33 MP: 2/2
  1011 | D:2      | Found a faded altar of an unknown god.
  1228 | D:2      | Reached skill level 3 in Long Blades
  1311 | D:2      | Noticed Natasha
  1319 | D:2      | Killed Natasha
  1320 | D:2      | Reached XP level 4. HP: 40/40 MP: 3/3
  1336 | D:2      | Noticed Sigmund
  1360 | D:2      | Killed Sigmund
  1361 | D:2      | Reached skill level 5 in Long Blades
  1361 | D:2      | Reached XP level 5. HP: 13/47 MP: 4/4
  1919 | D:2      | Noticed Natasha
  1926 | D:2      | Killed Natasha
  2094 | D:2      | Noticed Natasha
  2104 | D:2      | Killed Natasha
  2105 | D:2      | Reached skill level 1 in Dodging
  2105 | D:2      | Reached XP level 6. HP: 55/55 MP: 5/5
  2351 | D:3      | Noticed Grinder
  2363 | D:3      | Reached skill level 5 in Fighting
  2363 | D:3      | Reached skill level 5 in Armour
  2370 | D:3      | Killed Grinder
  2371 | D:3      | Reached skill level 6 in Long Blades
  2371 | D:3      | Reached XP level 7. HP: 49/61 MP: 6/6
  2568 | D:3      | HP: 1/61 [orc priest/divine providence (9)]
  2570 | D:3      | Mangled by an orc priest

Illustrated notes

Levels and vault maps discovered:
D:1:      ncdulo_halloftheorcs, layout_basic, dreamdust_princess_corridor,
          st_stairs_6
D:2:      layout_basic, dreamdust_ecumenical_altar_sealed_demon,
          minmay_strange_pillars, chequers_serial_rivers_room_b,
          minmay_quantized, uniq_sigmund, uniq_natasha
D:3:      layout_basic, minmay_bisected, uniq_grinder

Skill      XL: |  1  2  3  4  5  6 |
---------------+-------------------+-----
Armour         | 4 5 |  5.5
Shields        | 4 |  4.4
Fighting       | 4 5 |  5.3
Long Blades    | 3 5 6 |  6.2
Dodging        | 1 |  1.4
Stealth        | |  0.8

Action                   |  1- 3 |  4- 6 |  7- 9 || total
-------------------------+-------+-------+-------++-------
Melee: Long sword        |    69 |    58 |    11 ||   138
       Headbutt          |    11 |     6 |       ||    17
  Use: Potion            |       |     2 |     2 ||     4
Armor: Scale mail        |    40 |    23 |     5 ||    68
Dodge: Dodged            |    22 |    22 |     6 ||    50
Block: Buckler           |    14 |    10 |     4 ||    28

Table legend: (Time is in decaauts)
 A = Elapsed time spent in this place.
 B = Non-inter-level travel time spent in this place.
 C = Inter-level travel time spent in this place.
 D = Time resting spent in this place.
 E = Time spent auto-exploring this place.
 F = Levels seen in this place.
 G = Mean time per level.
                   A        B        C        D        E       F      G
               +--------+--------+--------+--------+--------+-----+--------+
         Total |   2618 |   2464 |    154 |    681 |   1398 |   3 |  872.7 |
       Dungeon |   2618 |   2464 |    154 |    681 |   1398 |   3 |  872.7 |
               +--------+--------+--------+--------+--------+-----+--------+

Top non-repeatable levels by time:
     D:2: 1448 daAuts
     D:1: 870 daAuts
     D:3: 299 daAuts
